 Dungeon Crawl Stone Soup version 0.23-a0-558-g30802b1d75 (webtiles) character file.

99593 esho the Warrior (level 16, -2/111 HPs)
             Began as a Kobold Berserker on Dec 10, 2018.
             Was a High Priest of Trog.
             Slain by a death scarab (9 damage)
             ... on level 4 of the Spider Nest on Dec 11, 2018.
             The game lasted 03:19:06 (23286 turns).

esho the Warrior (Kobold Berserker)                Turns: 23286, Time: 03:19:07

Health: -2/111     AC: 28    Str: 20    XL:     16   Next: 76%
Magic:  22/22      EV: 25    Int:  8    God:    Trog [*****.]
Gold:   1355       SH:  8    Dex: 25    Spells: 15/15 levels left

rFire    + + +     SeeInvis .   a - +3 short sword (elec)
rCold    + . .     Gourm    .   B - +0 buckler of Odoeta {rElec rC+}
rNeg     + . .     Faith    +   w - +6 scale mail "Sonaifeula" {rPois rF++ MR-}
rPois    +         Spirit   .   A - +0 helmet
rElec    +         Reflect  .   V - +1 cloak {rPois}
rCorr    .         Harm     .   l - +2 pair of gloves
MR       ++...     Clarity  +   K - +1 pair of boots
Stlth    +.........             u - amulet of faith
HPRegen  1.28/turn              S - +4 ring of dexterity
MPRegen  0.18/turn              d - ring of positive energy

@: mighty, berserk cooldown, flying, very slightly contaminated, regenerating,
slowed, drained, very slow
A: small, icy blue scales 1, molten scales 1, carnivore, clarity, fire
resistance 1, wild magic 1
a: Berserk, Trog's Hand, Brothers in Arms, Renounce Religion


You were on level 4 of the Spider Nest.
You worshipped Trog.
Trog was extremely pleased with you.
You were not hungry.

You visited 4 branches of the dungeon, and saw 20 of its levels.
You also visited: Ice Cave.

You collected 1355 gold pieces.

Inventory:

Hand Weapons
 a - a +3 short sword of electrocution (weapon)
 b - a +4 hand crossbow of flaming
 c - a +0 blowgun
 p - a +5 antimagic dagger
 R - a +3 triple crossbow of freezing
Missiles
 f - 77 poisoned needles
 n - 8 needles of sleeping
 I - 12 needles of frenzy
 J - a curare-tipped needle
 M - 8 tomahawks (quivered)
 N - 11 needles of confusion
 U - 79 bolts
Armour
 l - a +2 pair of gloves (worn)
 t - the +4 ring mail of Catatonia {*Slow rElec rC+ SInv, unknown}
   (You found it on level 4 of the Spider Nest)

   It protects you from cold.
   It insulates you from electricity.
   It lets you see invisible.
   It may slow you when you take damage.
 w - the +6 scale mail "Sonaifeula" (worn) {rPois rF++ MR-}
   (You found it on level 11 of the Dungeon)

   It greatly protects you from fire.
   It protects you from poison.
   It affects your resistance to hostile enchantments.
 A - a +0 helmet (worn)
 B - the +0 buckler of Odoeta (worn) {rElec rC+}
   (You found it on level 11 of the Dungeon)

   It protects you from cold.
   It insulates you from electricity.
 K - a +1 pair of boots (worn)
 V - a +1 cloak of poison resistance (worn)
Jewellery
 d - a ring of positive energy (right hand)
 u - an amulet of faith (around neck)
 x - an uncursed ring of protection from cold
 S - a +4 ring of dexterity (left hand)
 Y - a +4 amulet of reflection
Wands
 v - a wand of acid (4)
 y - a wand of polymorph (7)
 F - a wand of disintegration (5)
 G - a wand of enslavement (11)
 H - a wand of digging (7)
 O - a wand of iceblast (6)
 P - a wand of flame (19)
Scrolls
 e - a scroll of magic mapping
 m - a scroll of brand weapon
 q - 6 scrolls of teleportation
 C - 2 scrolls of fear
 E - 3 scrolls of enchant armour
 L - 3 scrolls of remove curse
 T - 7 scrolls of fog
Potions
 h - 2 potions of might
 k - 4 potions of invisibility
 o - 2 potions of flight
Miscellaneous
 r - a lightning rod (4/4)
Comestibles
 Q - 23 rations


   Skills:
 * Level 16.6(16.2) Fighting
 + Level 12.4(12.0) Short Blades
 - Level 10.0(9.6) Crossbows
 + Level 9.6(9.3) Throwing
 + Level 9.9(9.6) Armour
 * Level 13.2(12.9) Dodging
 - Level 1.1(0.8) Stealth
 + Level 6.5(6.2) Shields
 + Level 8.2(7.8) Evocations


You had 15 spell levels left.
You didn't know any spells.
Your spell library was empty.

Dungeon Overview and Level Annotations

Branches:
Dungeon (11/15)            Temple (1/1) D:5            Lair (4/6) D:8
 Shoals (0/4) Lair:4       Spider (4/4) Lair:4          Orc (0/2) D:11

Altars:
Ashenzari
Cheibriados
Elyvilon
Gozag
Hepliaklqana
Nemelex Xobeh
Okawaru
Sif Muna
Uskayaw
Vehumet
Wu Jian
Xom
The Shining One

Annotations:
Lair:1 3 runed doors, Harunobu's ghost, novice OgBe
Lair:2 exclusion: oklob plant
Spider:4 Agnes


Innate Abilities, Weirdness & Mutations

You are small and have problems with some larger weapons.
You are carnivorous and can eat meat at any time.
You are partially covered in icy blue scales. (AC +2)
You are partially covered in molten scales. (AC +2)
You possess an exceptional clarity of mind.
Your flesh is heat resistant. (rF+)
Your spells are a little harder to cast, but a little more powerful.


Message History

The spectral emperor scorpion completely misses you.
The spectral emperor scorpion claws you but does no damage.
The wolf spider zombie misses you.
The wolf spider zombie bites you but does no damage.
The death scarab bites you.
* * * LOW HITPOINT WARNING * * *
The death scarab drains your vigour!
You feel as though you will be slow longer.
The death scarab waves its antennae.
The death scarab barely misses you. The death scarab misses you.
The spectral emperor scorpion barely misses you.
The spectral emperor scorpion completely misses you.
You block the spectral emperor scorpion's attack.
Okay, then.
Evoke which item? (* to show all) (? for menu, Esc to quit)
Okay, then.
Okay, then.
The death scarab barely misses you. You block the death scarab's attack. x3
The death scarab closely misses you. x2; The death scarab bites you!
You die...

.8.8.############################
^....#.....≈≈≈≈≈≈≈≈..^..^.#..≈≈^.
.....#..#...≈≈#≈≈......^...≈≈≈≈.^
.8.8.#≈≈≈....≈≈≈.#...#....≈≈≈#≈..
.....#≈≈≈≈.............≈≈≈≈≈≈≈...
.....#≈≈≈≈#.....^....≈≈≈#≈≈≈.....
.8.8^#.≈≈..###################...
.....#.....#.Css#............#...
.^...##..[.##.sZ@...†.....#..#^^.
.8^8.#.....#..Zsss.†#........#.#.
..^..#..#..#..s##########...≈#.^.
.###.#...[.#...#,Z.s.s,,#..≈≈#≈≈.
## *##≈....#...#......*,##≈≈≈#≈≈≈
≈#####≈#..^#...'.Z....*,#≈≈#≈≈≈≈#
≈≈≈##≈≈≈...#...'Z.ZZ..*,#≈≈≈≈≈≈≈≈
≈≈≈≈≈≈≈≈...#.!.'.Z....*,#..≈≈≈≈≈≈
≈##≈≈≈≈≈...#...'.s.Z..*,#.≈≈≈≈≈≈≈


You could see a spectral emperor scorpion, 7 death scarabs, a wolf spider zombie
and a friendly cyclops (berserk).

Vanquished Creatures
  Nikola (Spider:4)
  Agnes (Spider:4)
  A frost giant (IceCv)
  A ghost moth (Spider:4)
  5 emperor scorpions
  4 entropy weavers
  Nessos (Lair:4)
  5 spark wasps (Spider:4)
  The ghost of hemabe the Covert, a journeyman HuAr of Trog (Lair:2)
  2 hydras
  A catoblepas (D:9)
  Harold (D:10)
  2 two-headed ogres (D:11)
  A tengu warrior (D:11)
  3 death yaks (IceCv)
  2 unseen horrors (D:11)
  Pikel (D:5)
  2 spectral wolf spiders (Spider:4)
  17 orb spiders
  A shining eye (Spider:4)
  14 wolf spiders
  A cyclops (D:11)
  2 ugly things
  A manticore (D:11)
  4 elephants (Lair:2)
  A spiny frog (Lair:4)
  5 torpor snails
  2 black mambas
  A gargoyle (D:11)
  5 spectral redbacks (Spider:4)
  A freezing wraith (D:9)
  A redback zombie (Spider:4)
  5 komodo dragons
  A wandering mushroom (Lair:3)
  6 demonic crawlers
  3 meliai (Spider:2)
  A queen bee (Spider:2)
  5 hornets (Spider:4)
  20 jumping spiders
  14 polar bears (IceCv)
  2 trolls
  2 spectral tarantellas (Spider:4)
  13 blink frogs
  3 spectral jumping spiders (Spider:4)
  Prince Ribbit (D:8)
  A dream sheep (Spider:3)
  A meliai zombie (D:10)
  7 hippogriffs
  A snapping turtle (Lair:4)
  A shadow (D:11)
  60 redbacks
  17 tarantellas
  A wyvern (D:11)
  46 yaks
  2 hungry ghosts
  3 wargs (D:8)
  8 water moccasins
  8 porcupines
  7 orc warriors
  2 spectral hornets (Spider:4)
  2 ice beasts
  A necrophage (D:11)
  4 sky beasts
  2 black bears
  5 phantoms
  A hornet zombie (Spider:4)
  2 eyes of draining (D:11)
  4 ogres
  20 wolves (IceCv)
  4 crocodiles
  11 centaurs
  3 big kobolds
  11 bullfrogs
  A water moccasin skeleton (D:11)
  4 scorpions
  11 wights
  15 killer bees
  An electric eel (Lair:4)
  2 howler monkeys (D:4)
  6 crimson imps
  A bullfrog zombie (D:5)
  A centaur zombie (D:9)
  5 jellies
  A quasit (D:9)
  9 orc priests
  10 hounds
  10 orc wizards
  4 centaur skeletons
  2 bullfrog skeletons
  5 iguanas
  5 worker ants
  A bullfrog simulacrum (D:11)
  A hound zombie (D:10)
  4 hound skeletons
  A howler monkey zombie (D:11)
  A worker ant zombie (D:11)
  4 gnolls (D:2)
  14 adders
  4 shadow imps (D:9)
  3 worms
  A dart slug (D:2)
  5 leopard geckos
  53 orcs
  3 ball pythons
  4 giant cockroaches
  4 goblins
  8 hobgoblins
  11 jackals
  18 kobolds
  4 quokkas
  5 bats
  A leopard gecko skeleton (D:5)
  14 rats
  A plant (D:1)
660 creatures vanquished.

Vanquished Creatures (collateral kills)
  A demonic crawler (Spider:4)
  A tarantella (Spider:4)
  A spectral hornet (Spider:4)
  A jackal (D:9)
4 creatures vanquished.

Vanquished Creatures (others)
  An unseen horror (D:11)
  2 redbacks (Spider:4)
  A tarantella (Spider:4)
  A yak (IceCv)
  A slave (D:5)
  A worker ant (D:5)
  A leopard gecko (D:5)
  A fungus (Lair:2)
  27 plants
36 creatures vanquished.

Grand Total: 700 creatures vanquished

Notes
Turn   | Place    | Note
-------+----------+-------------------------------------------
     0 | D:1      | esho the Kobold Berserker began the quest for the Orb.
     0 | D:1      | Reached XP level 1. HP: 14/14 MP: 1/1
   441 | D:1      | Reached XP level 2. HP: 16/19 MP: 2/2
  1015 | D:1      | Reached XP level 3. HP: 24/24 MP: 3/3
  1096 | D:2      | Reached XP level 4. HP: 29/29 MP: 4/4
  1161 | D:2      | Reached skill level 5 in Short Blades
  1164 | D:2      | Reached skill level 4 in Fighting
  1530 | D:2      | Reached XP level 5. HP: 26/33 MP: 5/5
  1562 | D:2      | Reached ** piety under Trog
  1757 | D:2      | Found a sparkling altar of Nemelex Xobeh.
  2321 | D:3      | Found a shattered altar of Ashenzari.
  2367 | D:3      | Reached XP level 6. HP: 39/39 MP: 6/6
  3510 | D:4      | Reached XP level 7. HP: 35/44 MP: 7/7
  3988 | D:5      | Entered Level 5 of the Dungeon
  4035 | D:5      | Found a shimmering altar of Xom.
  4132 | D:5      | Reached *** piety under Trog
  4144 | D:5      | Reached skill level 5 in Fighting
  4205 | D:5      | Gained mutation: You are partially covered in thin metallic
                  | scales. (AC +2) [potion of mutation]
  4205 | D:5      | Gained mutation: You have a somewhat thin skeletal
                  | structure. (Dex +2, Stealth) [potion of mutation]
  4205 | D:5      | Gained mutation: Your flesh is cold resistant. (rC+)
                  | [potion of mutation]
  4309 | D:5      | Noticed Pikel
  4315 | D:5      | Killed Pikel
  4315 | D:5      | Reached skill level 10 in Short Blades
  4315 | D:5      | Reached skill level 1 in Throwing
  4315 | D:5      | Reached skill level 1 in Stealth
  4315 | D:5      | Reached XP level 8. HP: 50/50 MP: 8/8
  4423 | D:5      | Found a staircase to the Ecumenical Temple.
  4441 | Temple   | Entered the Ecumenical Temple
  4872 | D:6      | Found an opulent altar of Gozag.
  4872 | D:6      | Found a white marble altar of Elyvilon.
  4873 | D:6      | Found a shattered altar of Ashenzari.
  4916 | D:6      | Found a radiant altar of Vehumet.
  4990 | D:6      | Reached XP level 9. HP: 54/55 MP: 9/9
  5010 | D:6      | Reached skill level 1 in Evocations
  5038 | D:6      | Reached skill level 6 in Fighting
  5223 | D:7      | Noticed a hippogriff
  5230 | D:7      | Killed a hippogriff
  5237 | D:7      | Reached **** piety under Trog
  5367 | D:7      | Reached skill level 5 in Dodging
  5787 | D:7      | Received a gift from Trog
  6037 | D:8      | Reached skill level 1 in Shields
  6270 | D:8      | Reached XP level 10. HP: 61/61 MP: 12/12
  6352 | D:8      | Reached skill level 7 in Fighting
  6600 | D:8      | Reached ***** piety under Trog
  6607 | D:8      | Found a staircase to the Lair.
  6744 | D:8      | Found a hazy altar of Hepliaklqana.
  6884 | D:8      | Noticed Prince Ribbit
  6890 | D:8      | Killed Prince Ribbit
  7079 | D:9      | Reached skill level 8 in Fighting
  7285 | D:9      | Noticed a freezing wraith
  7286 | D:9      | Noticed a catoblepas
  7295 | D:9      | Killed a catoblepas
  7295 | D:9      | Reached skill level 5 in Throwing
  7295 | D:9      | Reached skill level 5 in Evocations
  7295 | D:9      | Reached XP level 11. HP: 66/69 MP: 14/14
  7425 | Lair:1   | Entered Level 1 of the Lair of Beasts
  7578 | Lair:1   | Found a frozen archway.
  7682 | IceCv    | Entered an ice cave
  7819 | IceCv    | Reached skill level 9 in Fighting
  7823 | IceCv    | Noticed a death yak
  7825 | IceCv    | Received a gift from Trog
  7825 | IceCv    | Reached skill level 5 in Armour
  7836 | IceCv    | Killed a death yak
  8337 | IceCv    | Reached skill level 10 in Fighting
  8366 | IceCv    | Noticed a death yak
  8382 | IceCv    | Killed a death yak
  8382 | IceCv    | Reached XP level 12. HP: 77/77 MP: 16/16
  8402 | IceCv    | Reached skill level 5 in Shields
  8617 | IceCv    | Noticed a frost giant
  8617 | IceCv    | Noticed a death yak
  8632 | IceCv    | Killed a frost giant
  8653 | IceCv    | Killed a death yak
  8846 | Lair:1   | Found a runed gate.
  8846 | Lair:1   | Found a runed gate.
  8846 | Lair:1   | Found a runed gate.
  8865 | Lair:1   | Noticed an 11-headed hydra
  8871 | Lair:1   | Noticed Harunobu's ghost (novice OgBe)
  9152 | Lair:1   | Reached skill level 11 in Fighting
  9516 | Lair:2   | Received a gift from Trog
  9558 | Lair:2   | Noticed hemabe's ghost (journeyman HuAr)
  9565 | Lair:2   | Found a runed door.
  9808 | Lair:2   | Found a snail-covered altar of Cheibriados.
 10067 | Lair:2   | Noticed a four-headed hydra
 10071 | Lair:2   | Killed a four-headed hydra
 10310 | Lair:2   | Reached XP level 13. HP: 84/84 MP: 18/18
 10702 | Lair:2   | Killed hemabe's ghost
 10702 | Lair:2   | Reached skill level 12 in Fighting
 10702 | Lair:2   | Reached skill level 1 in Crossbows
 11561 | D:9      | Found a glowing golden altar of the Shining One.
 11979 | D:10     | Entered Level 10 of the Dungeon
 11988 | D:10     | Received a gift from Trog
 12065 | D:10     | Noticed Harold
 12080 | D:10     | Killed Harold
 12080 | D:10     | Reached skill level 10 in Dodging
 13097 | D:11     | Reached skill level 13 in Fighting
 13114 | D:11     | Got a jewelled scale mail
 13162 | D:11     | Got a heavily runed pewter amulet
 13167 | D:11     | Got a transparent buckler
 13178 | D:11     | Identified the +0 buckler of Odoeta {rElec rC+} (You found
                  | it on level 11 of the Dungeon)
 13188 | D:11     | Identified the +6 scale mail "Sonaifeula" {rPois rF++ MR-}
                  | (You found it on level 11 of the Dungeon)
 13341 | D:11     | Reached ****** piety under Trog
 13449 | D:11     | Identified the amulet of Xytyak {Faith MR+} (You found it
                  | on level 11 of the Dungeon)
 13545 | D:11     | Reached XP level 14. HP: 94/94 MP: 19/19
 13767 | D:11     | Received a gift from Trog
 13841 | D:11     | Found a deep blue altar of Sif Muna.
 14042 | D:11     | Found a staircase to the Orcish Mines.
 14659 | Lair:2   | Upgraded the game from 0.23-a0-554-gd3cbc8420a to
                  | 0.23-a0-558-g30802b1d75
 14701 | Lair:3   | Received a gift from Trog
 14701 | Lair:3   | Reached skill level 5 in Crossbows
 15761 | Lair:3   | Lost mutation: Your flesh is cold resistant. (rC+) [potion
                  | of mutation]
 15761 | Lair:3   | Gained mutation: You have sharp toenails. [potion of
                  | mutation]
 15761 | Lair:3   | Gained mutation: You tend to lose your temper in combat.
                  | [potion of mutation]
 15761 | Lair:3   | Gained mutation: Your mind is acute. (Int +2) [potion of
                  | mutation]
 15762 | Lair:3   | Lost mutation: Your mind is acute. (Int +2) [potion of
                  | mutation]
 15762 | Lair:3   | Lost mutation: You have sharp toenails. [potion of
                  | mutation]
 15762 | Lair:3   | Gained mutation: You have a pair of small antennae on your
                  | head. [potion of mutation]
 15763 | Lair:3   | Lost mutation: You have a somewhat thin skeletal structure.
                  | (Dex +2, Stealth) [potion of mutation]
 15763 | Lair:3   | Lost mutation: You have a pair of small antennae on your
                  | head. [potion of mutation]
 15763 | Lair:3   | Lost mutation: You are partially covered in thin metallic
                  | scales. (AC +2) [potion of mutation]
 15763 | Lair:3   | Lost mutation: You tend to lose your temper in combat.
                  | [potion of mutation]
 15763 | Lair:3   | Gained mutation: You are covered in fur. (AC +1) [potion of
                  | mutation]
 15763 | Lair:3   | Gained mutation: Scrolls take you a little longer to read.
                  | [potion of mutation]
 15763 | Lair:3   | Gained mutation: Your flesh is heat resistant. (rF+)
                  | [potion of mutation]
 15764 | Lair:3   | Lost mutation: Scrolls take you a little longer to read.
                  | [potion of mutation]
 15764 | Lair:3   | Lost mutation: You are covered in fur. (AC +1) [potion of
                  | mutation]
 15764 | Lair:3   | Gained mutation: You are partially covered in icy blue
                  | scales. (AC +2) [potion of mutation]
 15764 | Lair:3   | Gained mutation: You possess an exceptional clarity of
                  | mind. [potion of mutation]
 15764 | Lair:3   | Gained mutation: You are partially covered in molten
                  | scales. (AC +2) [potion of mutation]
 15764 | Lair:3   | Gained mutation: Your spells are a little harder to cast,
                  | but a little more powerful. [potion of mutation]
 15923 | Lair:4   | Found a staircase to the Shoals.
 16068 | Lair:4   | Found a hole to the Spider Nest.
 16492 | Lair:4   | Reached skill level 14 in Fighting
 16809 | Lair:4   | Noticed Nessos
 16815 | Lair:4   | Killed Nessos
 17089 | Spider:1 | Entered Level 1 of the Spider Nest
 17109 | Spider:1 | Noticed an emperor scorpion
 17143 | Spider:1 | Killed an emperor scorpion
 17416 | Spider:1 | Noticed an emperor scorpion
 17461 | Spider:1 | Killed an emperor scorpion
 18247 | Spider:1 | Reached XP level 15. HP: 101/101 MP: 20/20
 18327 | Spider:1 | Received a gift from Trog
 18526 | Spider:1 | Received a gift from Trog
 18619 | Spider:1 | Got a twisted great sword
 19664 | Spider:2 | Reached skill level 15 in Fighting
 20257 | Spider:3 | Received a gift from Trog
 20950 | Spider:3 | Reached skill level 10 in Crossbows
 21053 | Spider:4 | Entered Level 4 of the Spider Nest
 21269 | Spider:4 | Got an encrusted ring mail
 21328 | Spider:4 | Noticed an emperor scorpion
 21351 | Spider:4 | Killed an emperor scorpion
 21479 | Spider:4 | Reached XP level 16. HP: 103/109 MP: 21/21
 21582 | Spider:4 | Noticed Agnes
 21589 | Spider:4 | Received a gift from Trog
 21595 | Spider:4 | Killed Agnes
 21931 | Spider:4 | Received a gift from Trog
 21946 | Spider:4 | Reached skill level 16 in Fighting
 22059 | Spider:4 | Noticed Nikola
 22118 | Spider:4 | Killed Nikola
 22339 | Spider:4 | Received a gift from Trog
 23285 | Spider:4 | HP: 5/111 [death scarab (1)]
 23286 | Spider:4 | Slain by a death scarab

Vault maps used:
D:1:      saegor_arrival_simple_b, serial_bayou_pond_d, lexackson_kobold_supper
D:2:      old_standard_altar
D:3:      serial_forest, infiniplex_forest_clump_small,
          infiniplex_forest_lined_corner, infiniplex_forest_end_double,
          infiniplex_forest_corner_1, evilmike_ruin_ashenzari
D:4:      serial_curves, eino_curves_04, eino_curves_04, eino_curves_02
D:5:      nicolae_overflow_hidden_temple, minmay_temple_entry_grid,
          first_ration, uniq_pikel
D:6:      fiery_altar_vehumet, gammafunk_temple_overflow_claw
D:8:      lemuel_crystal_altar, erik_lair_orcish_takeover, uniq_prince_ribbit1
D:9:      minmay_the_grid_plus, tso_altar
D:10:     uniq_harold
D:11:     hangedman_cross_cluster, orc_0_dummy, basic_altar,
          blue_anna_alchemist, lightli_orcish_oven
Temple:   zaba_magenta_temple
Lair:1:   gammafunk_ghost_hydra_chop, portal_ice_cave_entry_pillars_1,
          infiniplex_staircase_pool_2
Lair:2:   hellmonk_ghost_happy_afterlife, kennysheep_snail_temple,
          grunt_megastairs_2, minmay_lair_oklob_chamber, lemuel_fruit_tree
Lair:3:   gauntlet_entry_generic, chequers_serial_rivers_micro_e,
          serial_bayou_shore_a, grunt_megastairs_5
Lair:4:   minmay_shoals_entry_hut, dummy_spider_entry, uniq_nessos
Spider:1: guppyfry_spider_mini_2
Spider:2: nicolae_looking_at_the_future, uniq_louise
Spider:4: floodkiller_spider_rune_tomb, uniq_agnes, uniq_nikola
IceCv:    ice_cave_caverns_01

Skill      XL: |  1  2  3  4  5  6  7  8  9 10 11 12 13 14 15 16 |
---------------+-------------------------------------------------+-----
Short Blades   | 5 6 7 10 12 | 12.4
Fighting       | 4 5 6 8 10 11 13 14 15 16 | 16.6
Dodging        | 3 4 5 6 8 9 10 11 12 13 | 13.2
Armour         | 2 3 4 5 6 7 8 9 |  9.9
Throwing       | 1 3 5 6 7 8 9 |  9.6
Stealth        | 1 |  1.1
Evocations     | 3 5 6 7 8 |  8.2
Shields        | 1 2 4 5 6 |  6.5
Crossbows      | 4 8 10 | 10.0

Action                   |  1- 3 |  4- 6 |  7- 9 | 10-12 | 13-15 | 16-18 || total
-------------------------+-------+-------+-------+-------+-------+-------++-------
Melee: Short sword       |    78 |   178 |   240 |   552 |  1262 |   326 ||  2636
       Dagger            |       |       |       |       |       |    66 ||    66
 Fire: Blowgun           |       |       |     9 |    10 |    38 |    11 ||    68
       Hand crossbow     |       |       |       |       |   211 |   102 ||   313
Throw: Stone             |       |    15 |     7 |       |       |       ||    22
       Tomahawk          |       |       |     8 |    15 |   110 |    19 ||   152
       Throwing net      |       |       |       |     1 |       |       ||     1
Invok: Berserk           |     4 |     5 |    11 |    17 |    44 |     7 ||    88
       Trog's Hand       |       |       |     1 |       |     2 |     4 ||     7
       Brothers in Arms  |       |       |       |       |       |     2 ||     2
Evoke: Wand              |       |       |       |    13 |    24 |    13 ||    50
       Lightning rod     |       |       |       |       |       |     3 ||     3
       Phantom mirror    |       |       |       |       |       |     1 ||     1
  Use: Scroll            |     3 |     9 |     4 |     9 |     8 |     8 ||    41
       Potion            |       |       |     2 |       |    18 |     9 ||    29
 Stab: Confused          |       |       |       |     1 |       |       ||     1
       Distracted        |       |       |       |     1 |       |       ||     1
       Held in net/web   |       |       |       |       |     2 |       ||     2
  Eat: Chunk             |     5 |    20 |    19 |    29 |    54 |    11 ||   138
       Ration            |       |       |       |     1 |    11 |     1 ||    13
Armor: Animal skin       |     5 |       |       |       |       |       ||     5
       Ring mail         |     8 |    26 |       |       |       |       ||    34
       Chain mail        |       |    25 |    53 |   102 |    18 |       ||   198
       Plate armour      |       |       |       |       |   109 |       ||   109
       Scale mail        |       |       |       |       |   194 |   140 ||   334
Dodge: Dodged            |    44 |   102 |   107 |   208 |   643 |   405 ||  1509
Block: Buckler           |       |       |    41 |   101 |   344 |   168 ||   654

Table legend:
 A = Non-vault XP
 B = Vault XP
 C = Vault XP percentage of total XP
 D = Non-vault monster count
 E = Vault monster count
 F = Vault count percentage of total count
                 A         B        C        D         E       F
            +---------+---------+-------+---------+---------+-------
      Total |   80422 |   61854 |  43.5 |     468 |     196 |  29.5
            +---------+---------+-------+---------+---------+-------
        D:1 |      19 |      12 |  38.7 |      12 |       8 |  40.0
        D:2 |     164 |       0 |   0.0 |      26 |       0 |   0.0
        D:3 |     172 |       0 |   0.0 |      21 |       0 |   0.0
        D:4 |     205 |       0 |   0.0 |      14 |       0 |   0.0
        D:5 |     491 |     651 |  57.0 |      26 |       1 |   3.7
        D:6 |     917 |       0 |   0.0 |      25 |       0 |   0.0
        D:7 |     962 |       0 |   0.0 |      24 |       0 |   0.0
        D:8 |    1648 |     819 |  33.2 |      33 |       7 |  17.5
        D:9 |    1484 |    1654 |  52.7 |      27 |      11 |  28.9
       D:10 |    1809 |     939 |  34.2 |      16 |       1 |   5.9
       D:11 |    8949 |    4696 |  34.4 |      54 |      27 |  33.3
     Lair:1 |    1058 |       0 |   0.0 |       6 |       0 |   0.0
     Lair:2 |    4902 |    3714 |  43.1 |      16 |      10 |  38.5
     Lair:3 |    4405 |     383 |   8.0 |      17 |       1 |   5.6
     Lair:4 |    7310 |    1600 |  18.0 |      33 |       2 |   5.7
   Spider:1 |   14396 |    1757 |  10.9 |      38 |       7 |  15.6
   Spider:2 |   12194 |    1908 |  13.5 |      36 |      15 |  29.4
   Spider:3 |    9293 |       0 |   0.0 |      23 |       0 |   0.0
   Spider:4 |   10044 |   30251 |  75.1 |      21 |      54 |  72.0
      IceCv |       0 |   13470 | 100.0 |       0 |      52 | 100.0
            +---------+---------+-------+---------+---------+-------
